AoeStats
← NPG | Shimishi Maki

MegaRandom

508742982Analyzed
3v3 RM · 8d ago on Sep 23, 2026· 22m 35s· 6 players
Game mode
Random Map
Map size
Normal (6 player)
Population
200
Speed
Normal
Resources
Standard
Victory
Conquest
Starting age
Dark Age
Ending age
Imperial Age
RankedLock teamsTeams togetherTeam positionsShared explorationLock speedFull tech treeHidden civsTurbo modeCheats
Victory
Defeat
1682
+3
🇦🇷 Teutons · Argentina
1522
+6
1405
+8
🇨🇳 Danes · China
1339
-9
🇦🇹 Byzantines · Austria
1216
-4
🇺🇸 Inca · United States
1204
-4
moreTuuunes
8:15 Loom
10:26 Feudal Age
15:58 Fletching
18:54 Castle Age
16:53 Horse Collar
17:01 Double-Bit Axe
17:56 Stone Mining
18:19 Padded Archer Armor
18:57 Pikeman
绵绵
6:31 Loom
9:14 Feudal Age
9:31 Man-at-Arms
12:53 Double-Bit Axe
13:49 Arson
24:12 Castle Age
Wellen_Willi
9:27 Feudal Age
10:07 Double-Bit Axe
11:56 Horse Collar
16:09 Loom
19:59 Castle Age
19:10 Stone Mining
20:10 Fletching
NPG | CanuTo SionisTa
6:53 Loom
9:39 Feudal Age
11:52 Town Watch
15:36 Fletching
16:00 Padded Archer Armor
15:43 Horse Collar
18:43 Wheelbarrow
20:12 Double-Bit Axe
20:23 Stone Mining
VOY TEUTONES VOY
7:00 Loom
9:01 Feudal Age
9:13 Man-at-Arms
9:39 Double-Bit Axe
11:44 Horse Collar
14:27 Fletching
22:08 Castle Age
23:01 Bodkin Arrow
22:26 Crossbowman
NPG | Shimishi Maki
5:47 Loom
8:03 Feudal Age
8:47 Double-Bit Axe
9:15 Horse Collar
18:32 Castle Age
17:01 Forging
18:23 Bloodlines
18:40 Light Cavalry
19:21 Heavy Plow
20:19 Town Watch
21:10 Wheelbarrow
Connection lost

Rejoining the realm…

Still unreachable

The connection could not be restored.

Session expired

The server has moved on; the page needs a fresh start.